| TOP OF THE 1ST |
|
Portland Angels batting - Pitching for Kelowna Heat : RHP Carlos Solis
|
|
Pitching: RHP Carlos Solis
|
|
|
Batting: RHB Daniel Molina
|
0-0: Called Strike 0-1: Ball 1-1: Ball 2-1: Fly out, F9 (Line Drive, 9, EV 91.2 MPH)
|
|
Batting: RHB Aaron Bryant
|
0-0: Swinging Strike 0-1: Swinging Strike 0-2: Ball 1-2: Fly out, F8 (Flyball, 8RD, EV 96.2 MPH)
|
|
Batting: LHB Dave Hicks
|
0-0: Hit by Pitch
|
|
Batting: RHB Juan Martinez
|
0-0: Called Strike 0-1: Called Strike 0-2: Fly out, F9 (Flyball, 89M, EV 86.9 MPH)
|
| Top of the 1st over - 0 runs, 0 hits, 0 errors, 1 left on base; Portland 0 - Kelowna 0 |
| BOTTOM OF THE 1ST |
|
Kelowna Heat batting - Pitching for Portland Angels : RHP Kunihiro Sasaki
|
|
Pitching: RHP Kunihiro Sasaki
|
|
|
Batting: LHB Mason Duffy
|
0-0: Ball 1-0: Bunted foul 1-1: Ball 2-1: SINGLE (Line Drive, 56D, EV 94.4 MPH)
|
|
Batting: RHB Ryan Roberts
|
0-0: Called Strike 0-1: Ball 1-1: Swinging Strike 1-2: Foul Ball, location: 2F 1-2: DOUBLE (Flyball, 8RD, EV 105.0 MPH) Mason Duffy to third
|
|
Batting: LHB Mike Roberts
|
0-0: Called Strike 0-1: 3-RUN HOME RUN (Flyball, 89XD, EV 106.9 MPH), Distance : 426 ft
|
|
Batting: RHB Tony Harper
|
0-0: Called Strike 0-1: Foul Ball, location: 2F 0-2: Ball 1-2: Fly out, F8 (Flyball, 8RD, EV 88.8 MPH)
|
|
Batting: RHB Zach Maguire
|
0-0: Called Strike 0-1: Ball 1-1: Foul Ball, location: 2F 1-2: Ball 2-2: Ball 3-2: SINGLE (Line Drive, 8LS, EV 95.6 MPH)
|
|
Batting: RHB Josh Truell
|
0-0: Ball 1-0: Called Strike 1-1: Foul Ball, location: 2F 1-2: SINGLE (Flyball, 8LS, EV 92.5 MPH) Zach Maguire to second Runner from 2nd tries for 3rd, SAFE, throw by CF made to third
|
|
Batting: RHB Jaime Rios
|
0-0: Ball 1-0: Called Strike 1-1: Swinging Strike 1-2: Ball Passed Ball! Zach Maguire scores Josh Truell to second 2-2: Fly out, F8 (Flyball, 8LD, EV 88.1 MPH) Throwing error, E8 Josh Truell scores
|
|
Batting: RHB Vinny Torres
|
0-0: Ball 1-0: Ball 2-0: Ball 3-0: Base on Balls
|
|
Batting: RHB Armando Ramirez
|
0-0: SINGLE (Flyball, 8LS, EV 90.0 MPH) Vinny Torres to second Runner from 2nd tries for 3rd, SAFE, throw by CF made to third
|
|
Batting: LHB Mason Duffy
|
0-0: Ball 1-0: Ball 2-0: Called Strike 2-1: Foul Ball, location: 2F 2-2: Ball 3-2: Ground out 4-3 (Groundball, 4, EV 89.4 MPH)
|
| Bottom of the 1st over - 5 runs, 6 hits, 1 error, 2 left on base; Portland 0 - Kelowna 5 |
| TOP OF THE 2ND |
|
Portland Angels batting - Pitching for Kelowna Heat : RHP Carlos Solis
|
|
Batting: LHB Ramon Garduno
|
0-0: SINGLE (Groundball, 6M, EV 98.8 MPH)
|
|
Batting: SHB Danny Gelinas
|
0-0: Called Strike 0-1: Foul Ball, location: 2F 0-2: Ball 1-2: Strikes out swinging
|
|
Batting: SHB Yuya Hirata
|
0-0: Called Strike 0-1: Swinging Strike 0-2: Fly out, F2 (Popup, 15S, EV 91.2 MPH)
|
|
Batting: RHB Carlos Gonzales
|
0-0: Ball 1-0: Swinging Strike 1-1: Ball 2-1: Swinging Strike 2-2: Foul Ball, location: 2F 2-2: Strikes out swinging
|
| Top of the 2nd over - 0 runs, 1 hit, 0 errors, 1 left on base; Portland 0 - Kelowna 5 |
| BOTTOM OF THE 2ND |
|
Kelowna Heat batting - Pitching for Portland Angels : RHP Kunihiro Sasaki
|
|
Batting: RHB Ryan Roberts
|
0-0: Ball 1-0: Ball 2-0: Called Strike 2-1: Fly out, F7 (Flyball, 78M, EV 91.9 MPH)
|
|
Batting: LHB Mike Roberts
|
0-0: Called Strike 0-1: Called Strike 0-2: Ball 1-2: Foul Ball, location: 2F 1-2: Ball 2-2: Foul Ball, location: 2F 2-2: Foul Ball, location: 2F 2-2: SINGLE (Flyball, 56D, EV 93.1 MPH)
|
|
Batting: RHB Tony Harper
|
0-0: Called Strike Mike Roberts steals 2nd base 0-1: Ground out 6-3 (Groundball, 6, EV 85.0 MPH)
|
|
Batting: RHB Zach Maguire
|
0-0: Called Strike 0-1: Reached on error, E5 (Groundball, 56S, EV 86.9 MPH) Mike Roberts to third
|
|
Batting: RHB Josh Truell
|
0-0: 3-RUN HOME RUN (Flyball, 7D, EV 95.6 MPH), Distance : 385 ft
|
|
Batting: RHB Jaime Rios
|
0-0: Ball 1-0: Ball 2-0: Foul Ball, location: 2F 2-1: Ground out 6-3 (Groundball, 6, EV 83.1 MPH)
|
| Bottom of the 2nd over - 3 runs, 2 hits, 1 error, 0 left on base; Portland 0 - Kelowna 8 |
| TOP OF THE 3RD |
|
Portland Angels batting - Pitching for Kelowna Heat : RHP Carlos Solis
|
|
Batting: RHB Dan Myers
|
0-0: Foul Ball, location: 2F 0-1: Foul Ball, location: 2F 0-2: Ball 1-2: Foul Ball, location: 2F 1-2: Ball 2-2: Strikes out swinging
|
|
Batting: RHB Daniel Molina
|
0-0: Called Strike 0-1: Swinging Strike 0-2: Ball 1-2: Foul Ball, location: 2F 1-2: Fly out, F8 (Flyball, 89D, EV 105.6 MPH)
|
|
Batting: RHB Aaron Bryant
|
0-0: Called Strike 0-1: Ball 1-1: Foul Ball, location: 2F 1-2: Reached on error, E5 (Groundball, 5, EV 90.0 MPH)
|
|
Batting: LHB Dave Hicks
|
0-0: Foul Ball, location: 2F 0-1: Ball 1-1: Foul Ball, location: 2F 1-2: Ball Passed Ball! Aaron Bryant to second 2-2: Foul Ball, location: 2F 2-2: Strikes out swinging
|
| Top of the 3rd over - 0 runs, 0 hits, 1 error, 1 left on base; Portland 0 - Kelowna 8 |
| BOTTOM OF THE 3RD |
|
Kelowna Heat batting - Pitching for Portland Angels : RHP Kunihiro Sasaki
|
|
Batting: RHB Vinny Torres
|
0-0: Swinging Strike 0-1: SINGLE (Groundball, 13, EV 85.6 MPH) (infield hit)
|
|
Batting: RHB Armando Ramirez
|
0-0: Ball 1-0: Foul Ball, location: 2F 1-1: Foul Ball, location: 2F 1-2: Grounds into double play, 6-4-3 (Groundball, 6M, EV 97.5 MPH)
|
|
Batting: LHB Mason Duffy
|
0-0: Ball 1-0: Ball 2-0: Called Strike 2-1: Swinging Strike 2-2: Ball 3-2: Foul Ball, location: 2F 3-2: Strikes out swinging
|
| Bottom of the 3rd over - 0 runs, 1 hit, 0 errors, 0 left on base; Portland 0 - Kelowna 8 |
| TOP OF THE 4TH |
|
Portland Angels batting - Pitching for Kelowna Heat : RHP Carlos Solis
|
|
Batting: RHB Juan Martinez
|
0-0: Ball 1-0: Called Strike 1-1: Foul Ball, location: 2F 1-2: Ball 2-2: Foul Ball, location: 2F 2-2: Ball 3-2: Foul Ball, location: 2F 3-2: Fly out, F8 (Line Drive, 8LM, EV 92.5 MPH)
|
|
Batting: LHB Ramon Garduno
|
0-0: Swinging Strike 0-1: Swinging Strike 0-2: Ball 1-2: Fly out, F9 (Flyball, 9S, EV 80.6 MPH)
|
|
Batting: SHB Danny Gelinas
|
0-0: Ball 1-0: Ball 2-0: Called Strike 2-1: Fly out, F9 (Flyball, 89S, EV 93.1 MPH)
|
| Top of the 4th over - 0 runs, 0 hits, 0 errors, 0 left on base; Portland 0 - Kelowna 8 |
| BOTTOM OF THE 4TH |
|
Kelowna Heat batting - Pitching for Portland Angels : RHP Kunihiro Sasaki
|
|
Batting: RHB Ryan Roberts
|
0-0: Ball 1-0: Called Strike 1-1: Fly out, F2 (Popup, 23F, EV 73.8 MPH)
|
|
Batting: LHB Mike Roberts
|
0-0: Ball 1-0: Called Strike 1-1: Ball 2-1: Ball 3-1: Base on Balls
|
|
Batting: RHB Tony Harper
|
0-0: Ball 1-0: Ball 2-0: Ball 3-0: Called Strike 3-1: SINGLE (Groundball, 4MD, EV 106.2 MPH) Mike Roberts to second
|
|
Batting: RHB Zach Maguire
|
0-0: Ball 1-0: Foul Ball, location: 2F 1-1: 3-RUN HOME RUN (Flyball, 7LD, EV 90.6 MPH), Distance : 346 ft
|
|
Pitching: RHP Carlos Olbera
|
|
|
Batting: RHB Josh Truell
|
0-0: Called Strike 0-1: Fly out, F4 (Popup, 34S, EV 64.4 MPH)
|
|
Batting: RHB Jaime Rios
|
0-0: Ball 1-0: Foul Ball, location: 2F 1-1: Ball 2-1: Fly out, F9 (Flyball, 89S, EV 91.2 MPH)
|
| Bottom of the 4th over - 3 runs, 2 hits, 0 errors, 0 left on base; Portland 0 - Kelowna 11 |
| TOP OF THE 5TH |
|
Portland Angels batting - Pitching for Kelowna Heat : RHP Carlos Solis
|
|
Batting: SHB Yuya Hirata
|
0-0: Ball 1-0: Fly out, F7 (Flyball, 7LD, EV 95.6 MPH)
|
|
Batting: RHB Carlos Gonzales
|
0-0: Ground out 4-3 (Groundball, 4S, EV 91.9 MPH)
|
|
Batting: RHB Dan Myers
|
0-0: Swinging Strike 0-1: Swinging Strike 0-2: Foul Ball, location: 2F 0-2: Strikes out swinging
|
| Top of the 5th over - 0 runs, 0 hits, 0 errors, 0 left on base; Portland 0 - Kelowna 11 |
| BOTTOM OF THE 5TH |
|
Kelowna Heat batting - Pitching for Portland Angels : RHP Carlos Olbera
|
|
Batting: RHB Vinny Torres
|
0-0: Foul Ball, location: 2F 0-1: Ball 1-1: Ball 2-1: Swinging Strike 2-2: Fly out, F9 (Flyball, 9D, EV 106.2 MPH)
|
|
Batting: RHB Armando Ramirez
|
0-0: Fly out, F7 (Flyball, 78S, EV 87.5 MPH)
|
|
Batting: LHB Mason Duffy
|
0-0: SINGLE (Groundball, 6MD, EV 95.0 MPH)
|
|
Batting: RHB Ryan Roberts
|
0-0: Ball 1-0: Ground out 3-1 (Groundball, 34S, EV 85.0 MPH)
|
| Bottom of the 5th over - 0 runs, 1 hit, 0 errors, 1 left on base; Portland 0 - Kelowna 11 |
| TOP OF THE 6TH |
|
Portland Angels batting - Pitching for Kelowna Heat : RHP Carlos Solis
|
|
Batting: RHB Daniel Molina
|
0-0: Ball 1-0: Foul Ball, location: 2F 1-1: Ball 2-1: Ball 3-1: Base on Balls
|
|
Batting: RHB Aaron Bryant
|
0-0: 2-RUN HOME RUN (Flyball, 7LD, EV 95.0 MPH), Distance : 359 ft
|
|
Batting: LHB Dave Hicks
|
0-0: Ball 1-0: Called Strike 1-1: Ball 2-1: Ball 3-1: Base on Balls
|
|
Batting: RHB Juan Martinez
|
0-0: Ball 1-0: Ball 2-0: Called Strike 2-1: Fielders Choice at 2nd, 6-4 (Groundball, 56, EV 103.8 MPH)
|
|
Batting: LHB Ramon Garduno
|
0-0: Ball 1-0: Ball Passed Ball! Juan Martinez to second 2-0: Foul Ball, location: 2F 2-1: Ball 3-1: Called Strike 3-2: Ground out 4-3 (Groundball, 4, EV 105.6 MPH) Juan Martinez to third
|
|
Batting: SHB Danny Gelinas
|
0-0: Ball 1-0: Ball 2-0: Swinging Strike 2-1: Ball 3-1: Foul Ball, location: 2F 3-2: Foul Ball, location: 2F 3-2: Foul Ball, location: 2F 3-2: Strikes out looking
|
| Top of the 6th over - 2 runs, 1 hit, 0 errors, 1 left on base; Portland 2 - Kelowna 11 |
| BOTTOM OF THE 6TH |
|
Kelowna Heat batting - Pitching for Portland Angels : RHP Carlos Olbera
|
|
Batting: LHB Mike Roberts
|
0-0: Ball 1-0: Ball 2-0: Ball 3-0: Hit by Pitch
|
|
Batting: RHB Tony Harper
|
0-0: Ball Passed Ball! Mike Roberts to second 1-0: Ball 2-0: Called Strike 2-1: Ball 3-1: Fly out, F9 (Line Drive, 9S, EV 90.0 MPH)
|
|
Batting: RHB Zach Maguire
|
0-0: Ball 1-0: Called Strike 1-1: Ball 2-1: Called Strike 2-2: Reached on error, E6 (Groundball, 6, EV 101.9 MPH) Mike Roberts scores
|
|
Batting: RHB Josh Truell
|
0-0: Ball 1-0: Foul Ball, location: 2F 1-1: SINGLE (Popup, 4S, EV 73.1 MPH) Zach Maguire to third
|
|
Batting: RHB Jaime Rios
|
0-0: Called Strike 0-1: Swinging Strike 0-2: Ball 1-2: Foul Ball, location: 2F 1-2: Ball 2-2: Foul Ball, location: 2F 2-2: Strikes out swinging
|
|
Batting: RHB Vinny Torres
|
0-0: Called Strike 0-1: Ball Wild Pitch! Zach Maguire scores Josh Truell to second 1-1: Swinging Strike 1-2: Ball 2-2: Ball 3-2: Strikes out looking
|
| Bottom of the 6th over - 2 runs, 1 hit, 1 error, 1 left on base; Portland 2 - Kelowna 13 |
| TOP OF THE 7TH |
|
Portland Angels batting - Pitching for Kelowna Heat : RHP Carlos Solis
|
|
Batting: SHB Yuya Hirata
|
0-0: Fly out, F8 (Flyball, 8RD, EV 90.6 MPH)
|
|
Batting: RHB Carlos Gonzales
|
0-0: Ball 1-0: Ball 2-0: Ball 3-0: Called Strike 3-1: Base on Balls
|
|
Pitching: LHP Jason Haas
|
|
|
Batting: RHB Dan Myers
|
0-0: Foul Ball, location: 2F 0-1: Ball 1-1: Ball 2-1: Ball 3-1: DOUBLE (Flyball, 78XD, EV 115.0 MPH) Carlos Gonzales to third
|
|
Batting: RHB Daniel Molina
|
0-0: Ball 1-0: Called Strike 1-1: Ball 2-1: Foul Ball, location: 2F 2-2: Fly out, F8 (Line Drive, 8RM, EV 87.5 MPH)
|
|
Batting: RHB Aaron Bryant
|
0-0: Swinging Strike 0-1: Foul Ball, location: 2F 0-2: Foul Ball, location: 2F 0-2: Foul Ball, location: 2F 0-2: Ball 1-2: Ball 2-2: Ball 3-2: Base on Balls
|
|
Pinch Hitting: RHB Mario Martinez
|
0-0: Ball 1-0: Called Strike 1-1: Swinging Strike 1-2: Strikes out swinging
|
| Top of the 7th over - 0 runs, 1 hit, 0 errors, 3 left on base; Portland 2 - Kelowna 13 |
| BOTTOM OF THE 7TH |
|
Kelowna Heat batting - Pitching for Portland Angels : RHP Carlos Olbera
|
|
Pitching: RHP Javier Carrasco
|
|
|
Now at SS: Mario Martinez
|
|
|
Batting: RHB Armando Ramirez
|
0-0: Called Strike 0-1: Called Strike 0-2: Ball 1-2: Ground out 3-1 (Groundball, 34, EV 100.0 MPH)
|
|
Batting: LHB Mason Duffy
|
0-0: Called Strike 0-1: Ball 1-1: Foul Ball, location: 2F 1-2: SINGLE (Groundball, 3S, EV 71.9 MPH) (infield hit)
|
|
Batting: RHB Ryan Roberts
|
0-0: Ball 1-0: Foul Ball, location: 2F 1-1: Fielders Choice at 2nd, 3-6 (Groundball, 34, EV 88.8 MPH)
|
|
Batting: LHB Mike Roberts
|
0-0: Foul Ball, location: 2F 0-1: Ball 1-1: Foul Ball, location: 2F 1-2: Strikes out swinging
|
| Bottom of the 7th over - 0 runs, 1 hit, 0 errors, 1 left on base; Portland 2 - Kelowna 13 |
| TOP OF THE 8TH |
|
Portland Angels batting - Pitching for Kelowna Heat : LHP Jason Haas
|
|
Batting: RHB Juan Martinez
|
0-0: Foul Ball, location: 2F 0-1: Ball 1-1: Ball 2-1: Foul Ball, location: 2F 2-2: Ball 3-2: Base on Balls
|
|
Pitching: RHP Jonathan Fritzinger
|
|
|
Batting: LHB Ramon Garduno
|
0-0: Called Strike 0-1: Called Strike 0-2: Ball 1-2: Strikes out looking
|
|
Batting: SHB Danny Gelinas
|
0-0: Called Strike 0-1: Fly out, F9 (Flyball, 9, EV 85.6 MPH)
|
|
Batting: SHB Yuya Hirata
|
0-0: Swinging Strike 0-1: Ball 1-1: Ball 2-1: Ground out U3 (Groundball, 3L, EV 81.9 MPH)
|
| Top of the 8th over - 0 runs, 0 hits, 0 errors, 1 left on base; Portland 2 - Kelowna 13 |
| BOTTOM OF THE 8TH |
|
Kelowna Heat batting - Pitching for Portland Angels : RHP Javier Carrasco
|
|
Batting: RHB Tony Harper
|
0-0: Called Strike 0-1: Ball 1-1: Ball 2-1: SINGLE (Line Drive, 89S, EV 92.5 MPH)
|
|
Batting: RHB Zach Maguire
|
0-0: Fly out, F8 (Flyball, 8LXD, EV 107.5 MPH)
|
|
Batting: RHB Josh Truell
|
0-0: Called Strike 0-1: Ball 1-1: Ball 2-1: Ball Wild Pitch! Tony Harper to second 3-1: Base on Balls
|
|
Batting: RHB Jaime Rios
|
0-0: Ball Passed Ball! Tony Harper to third Josh Truell to second 1-0: Ball 2-0: Ground out U3 (Groundball, 34, EV 88.8 MPH) Tony Harper scores Josh Truell to third
|
|
Batting: RHB Vinny Torres
|
0-0: Ball 1-0: Swinging Strike 1-1: Foul Ball, location: 2F 1-2: Strikes out swinging
|
| Bottom of the 8th over - 1 run, 1 hit, 0 errors, 1 left on base; Portland 2 - Kelowna 14 |
| TOP OF THE 9TH |
|
Portland Angels batting - Pitching for Kelowna Heat : RHP Jonathan Fritzinger
|
|
Pinch Hitting: SHB Adrian Orosco
|
0-0: Ball 1-0: Ball 2-0: Called Strike 2-1: Ball 3-1: Foul Ball, location: 2F 3-2: Foul Ball, location: 2F 3-2: Foul Ball, location: 2F 3-2: Base on Balls
|
|
Batting: RHB Dan Myers
|
0-0: Called Strike 0-1: Ball 1-1: Ball 2-1: Fly out, F8 (Flyball, 8LD, EV 103.1 MPH)
|
|
Batting: RHB Daniel Molina
|
0-0: Called Strike 0-1: Fly out, F5 (Popup, 5F, EV 65.0 MPH)
|
|
Batting: RHB Aaron Bryant
|
0-0: Ball 1-0: Foul Ball, location: 2F 1-1: Ball 2-1: Swinging Strike 2-2: Foul Ball, location: 2F 2-2: Fly out, F9 (Flyball, 9, EV 78.1 MPH)
|
| Top of the 9th over - 0 runs, 0 hits, 0 errors, 1 left on base; Portland 2 - Kelowna 14 |
|